Map: Bastion of the Conclave

Players

Metasapien - Winner!

  • Race: Zerg Zerg
  • League: Platinum
  • Spawn Location: 6:00

AEONydus - Winner!

  • Race: Zerg Zerg
  • Spawn Location: 6:00

DoVa - Winner!

  • Race: Protoss Protoss
  • Spawn Location: 6:00

SpeedWagon

  • Race: Terran Terran
  • Spawn Location: 0:00

OscarBarrera

  • Race: Terran Terran
  • League: Gold
  • Spawn Location: 12:00

AMontoya

  • Race: Protoss Protoss
  • Spawn Location: 12:00

VOD

Have the link to the VOD?

Description

Time

  • Played on: Sept. 17, 2017, 5:06 p.m.
  • Length: 15:03
Show
View Real Time Build Order
Export as new Build Order

Metasapien Zerg - Winner!

Build Orders: Pool First 

Get SALT Encoding   

  12  0:01  Drone  
  13  0:23  Spawning Pool  
  13  0:25  Drone  
  13  0:29  Drone  
  14  0:39  Overlord  
  14  0:44  Extractor  
  14  0:45  Drone  
  14  1:04  Drone  
  14  1:08  Drone  
  16  1:24  Drone  
  17  1:27  Drone, Hatchery  
  17  1:33  Drone  
  18  1:46  Drone  
  19  1:50  Metabolic Boost  
  19  1:54  Drone  
  20  2:34  Queen  
  22  2:37  Overlord  
  22  2:38  Overlord  
  22  2:41  Extractor, Hatchery  
  20  2:45  Drone  
  20  2:50  Queen  
  23  2:56  Drone  
  24  3:01  Drone x2  
  24  3:04  Drone  
  27  3:08  Drone  
  27  3:12  Drone  
  29  3:22  Drone  
  29  3:25  Zergling x4  
  32  3:35  Zergling x2  
  32  3:36  Zergling x2  
  34  3:43  Spine Crawler  
  34  3:45  Zergling x8  
  37  4:13  Queen  
  37  4:14  Drone x2  
  37  4:15  Drone x3  
  37  4:16  Drone  
  45  4:18  Drone  
  45  4:20  Lair  
  46  4:25  Evolution Chamber  
  46  4:28  Drone x2  
  47  4:32  Overlord  
  47  4:44  Drone x2  
  49  4:46  Drone  
  49  4:48  Overlord x2  
  50  4:59  Zergling x4  
  50  5:02  Drone x3  
  50  5:05  Drone x4  
  50  5:06  Drone  
  58  5:07  Extractor  
  57  5:15  Drone  
  57  5:16  Extractor  
  57  5:22  Zerg Ground Armor Level 1  
  57  5:28  Infestation Pit  
  57  5:33  Roach Warren  
  52  5:44  Spore Crawler  
  52  5:45  Spore Crawler  
  52  5:46  Spore Crawler x2  
  48  5:57  Queen  
  48  5:58  Queen  
  49  6:10  Drone x4  
  49  6:11  Drone  
  53  6:13  Hydralisk Den  
  53  6:16  Drone  
  53  6:17  Drone x2  
  55  6:28  Hatchery  
  54  6:39  Hatchery  
  53  6:46  Extractor  
  53  6:47  Extractor  
  51  6:48  Pneumatized Carapace  
  51  6:55  Hydralisk x2  
  51  6:56  Hydralisk x4  
  51  6:58  Hydralisk  
  64  7:18  Drone x3  
  64  7:21  Overlord x2  
  67  7:34  Overlord  
  67  7:35  Overlord x3  
  67  7:42  Extractor  
  66  7:47  Drone  
  66  7:49  Queen  
  69  7:55  Drone, Queen  
  72  8:00  Hive  
  72  8:02  Zerg Missile Weapons Level 1  
  72  8:06  Evolution Chamber, Glial Reconstitution  
  72  8:10  Muscular Augments  
  71  8:14  Drone x2  
  73  8:29  Hydralisk  
  70  8:45  Drone x3  
  73  8:52  Spore Crawler x2  
  73  8:53  Spore Crawler, Hydralisk x5  
  73  8:54  Hydralisk x2  
  84  9:00  Drone  
  85  9:03  Drone  
  86  9:19  Drone  
  86  9:20  Drone x3  
  86  9:23  Hatchery  
  80  9:48  Drone x3  
  80  9:52  Hydralisk, Roach x3  
  89  9:53  Roach x2, Hydralisk x3  
  89  9:54  Roach x2  
  105  10:10  Overseer  
  105  10:20  Adrenal Glands  
  105  10:23  Zerg Ground Armor Level 2  
  105  10:24  Zerg Melee Weapons Level 1  
  105  10:27  Ultralisk Cavern  
  104  10:32  Burrow  
  104  10:34  Drone  
  104  10:35  Drone x6  
  110  10:36  Drone x4  
  110  10:37  Drone  
  110  10:40  Queen  
  116  11:03  Overlord x3  
  116  11:04  Overlord  
  96  11:32  Zergling x4  
  101  11:33  Zergling x12  
  101  11:34  Zergling x2  
  102  11:47  Extractor  
  102  11:52  Extractor  
  98  11:56  Drone x2, Nydus Network  
  99  12:01  Extractor  
  75  12:25  Hydralisk x2  
  75  12:26  Hydralisk x4  
  75  12:27  Roach x4, Hydralisk x3  
  75  12:28  Roach, Hydralisk x4  
  75  12:29  Roach x2, Hydralisk x2  
  113  12:37  Drone  
  114  12:56  Drone x3  
  114  12:57  Drone x2  
  119  13:32  Drone x3  
  122  13:45  Ultralisk  
  122  13:46  Ultralisk x2  
  122  13:47  Zergling x4  
  122  13:48  Zergling x8  
  146  13:49  Overlord x2  
  146  13:50  Overlord x3  
  146  14:00  Nydus Canal  
  146  14:06  Overseer x3  
  146  14:09  Overlord  
  146  14:10  Overlord x4  
  146  14:12  Overlord x2  
  146  14:15  Overseer  
Show
View Real Time Build Order
Export as new Build Order

AEONydus Zerg - Winner!

Build Orders: Pool First 

Get SALT Encoding   

  12  0:07  Drone  
  12  0:12  Drone  
  14  0:25  Extractor  
  14  0:26  Extractor  
  14  0:27  Drone x2  
  16  0:40  Spawning Pool  
  15  0:44  Extractor  
  15  0:47  Overlord  
  14  1:10  Drone x2  
  14  1:11  Drone  
  17  1:23  Overlord  
  17  1:33  Queen  
  17  1:35  Zergling x2  
  20  1:45  Metabolic Boost  
  20  1:47  Zergling x2  
  21  2:09  Hatchery  
  21  2:11  Drone  
  21  2:13  Drone  
  21  2:15  Drone, Extractor  
  22  2:26  Drone  
  23  2:38  Drone  
  23  2:41  Lair  
  24  2:44  Drone x2  
  24  2:46  Drone  
  27  2:58  Overlord  
  27  3:21  Drone x5, Queen  
  34  3:32  Zergling x4  
  35  3:45  Zergling x4  
  34  4:16  Drone x2  
  34  4:17  Drone x4  
  40  4:25  Extractor  
  40  4:29  Extractor  
  38  4:32  Overlord  
  38  4:37  Spire  
  37  4:45  Pneumatized Carapace  
  37  4:59  Drone x5  
  43  5:00  Drone x2  
  44  5:13  Hatchery  
  43  5:25  Drone x2  
  43  5:26  Overlord x4  
  43  5:27  Overlord  
  45  5:32  Drone x3  
  48  5:40  Spore Crawler x2  
  46  5:49  Mutalisk x2  
  50  5:51  Mutalisk  
  52  5:59  Zerg Flyer Weapons Level 1  
  52  6:00  Mutalisk  
  54  6:07  Mutalisk  
  54  6:08  Mutalisk  
  58  6:12  Mutalisk  
  58  6:15  Drone  
  61  6:26  Drone x6  
  61  6:32  Mutalisk  
  69  6:33  Mutalisk  
  71  6:40  Mutalisk  
  71  6:41  Mutalisk  
  75  6:47  Drone, Extractor  
  75  6:49  Drone, Extractor  
  75  6:52  Drone  
  75  6:53  Drone  
  77  6:54  Drone  
  78  7:01  Mutalisk x2  
  78  7:06  Mutalisk  
  84  7:11  Queen  
  86  7:19  Mutalisk x3  
  92  7:29  Spire  
  91  7:36  Mutalisk x2  
  93  7:43  Drone x2  
  97  7:44  Overlord  
  97  7:45  Overlord  
  97  7:53  Zerg Flyer Armor Level 1  
  97  8:02  Mutalisk x2  
  97  8:03  Mutalisk  
  103  8:15  Mutalisk x2  
  103  8:19  Drone  
  109  8:20  Drone x3  
  111  8:38  Mutalisk  
  105  9:02  Mutalisk x4  
  105  9:04  Overlord  
  105  9:05  Overlord x4  
  111  9:55  Mutalisk  
  111  9:56  Mutalisk x9  
  111  9:57  Mutalisk  
  127  10:33  Mutalisk x2  
  127  10:34  Mutalisk x4  
  139  10:50  Zerg Flyer Weapons Level 2  
  111  12:06  Mutalisk  
  111  12:08  Mutalisk x8  
  113  12:09  Mutalisk x5  
  120  12:50  Zergling x8  
  120  12:51  Zergling x10  
  127  13:23  Corruptor x5  
  127  13:24  Corruptor x3  
  143  13:29  Infestation Pit  
Show
View Real Time Build Order
Export as new Build Order

DoVa Protoss - Winner!

Build Orders:  

Get SALT Encoding   

  12  0:01  Probe (Chrono Boost)  
  13  0:11  Probe (Chrono Boost)  
  14  0:25  Pylon  
  14  0:26  Probe (Chrono Boost)  
  15  0:43  Probe (Chrono Boost)  
  15  0:45  Gateway  
  15  0:46  Assimilator  
  16  0:54  Probe (Chrono Boost)  
  18  1:04  Probe (Chrono Boost)  
  18  1:12  Assimilator  
  18  1:15  Probe (Chrono Boost), Pylon  
  19  1:25  Probe (Chrono Boost)  
  20  1:36  Probe (Chrono Boost)  
  21  1:42  Cybernetics Core  
  21  1:47  Probe (Chrono Boost), Gateway  
  22  2:01  Probe (Chrono Boost)  
  23  2:18  Nexus  
  23  2:25  Pylon  
  23  2:29  Warp Gate (Chrono Boost)  
  23  2:33  Probe  
  24  2:39  Adept  
  24  2:43  Adept  
  28  2:47  Probe (Chrono Boost)  
  29  2:59  Mothership Core (Chrono Boost)  
  29  3:02  Pylon  
  31  3:10  Pylon  
  31  3:17  Probe (Chrono Boost)  
  32  3:28  Adept x2  
  32  3:30  Probe (Chrono Boost)  
  32  3:31  Probe (Chrono Boost)  
  38  3:43  Probe x2 (Chrono Boost)  
  40  3:54  Probe x2 (Chrono Boost)  
  40  3:55  Gateway  
  42  4:06  Gateway  
  42  4:07  Pylon  
  42  4:12  Probe x2 (Chrono Boost)  
  44  4:23  Probe x2 (Chrono Boost)  
  46  4:27  Assimilator  
  46  4:29  Assimilator  
  46  4:33  Probe (Chrono Boost)  
  46  4:35  Sentry  
  46  4:38  Sentry  
  51  4:47  Probe x2 (Chrono Boost)  
  53  4:58  Probe x2 (Chrono Boost)  
  55  5:03  Robotics Facility  
  55  5:04  Gateway  
  55  5:08  Probe x2 (Chrono Boost)  
  57  5:15  Pylon  
  57  5:20  Pylon  
  57  5:21  Stalker x4  
  65  5:42  Forge x2  
  65  5:46  Probe (Chrono Boost)  
  65  5:49  Stalker x2  
  70  5:50  Stalker  
  70  5:51  Stalker  
  74  6:10  Stalker  
  76  6:23  Twilight Council  
  76  6:25  Gateway  
  76  6:28  Pylon  
  76  6:31  Adept x4  
  84  6:37  Probe (Chrono Boost)  
  85  6:50  Photon Cannon  
  85  6:52  Photon Cannon  
  85  6:56  Photon Cannon  
  85  7:04  Photon Cannon  
  85  7:09  Blink (Chrono Boost)  
  85  7:36  Immortal (Chrono Boost)  
  89  7:47  Robotics Bay  
  89  7:51  Robotics Facility  
  89  8:18  Stalker x2  
  89  8:19  Stalker x4  
  99  8:45  Mothership Core  
  101  9:05  Pylon  
  109  9:24  Immortal (Chrono Boost)  
  109  9:29  Immortal (Chrono Boost)  
  109  9:31  Nexus  
  109  9:34  Pylon  
  109  9:37  Pylon  
  109  9:38  Probe  
  110  9:40  Pylon  
  110  9:43  Pylon  
  110  9:48  Pylon  
  110  9:52  Probe x2  
  112  9:53  Protoss Ground Weapons Level 1 (Chrono Boost), Protoss Ground Armor Level 1 (Chrono Boost)  
  112  10:02  Immortal (Chrono Boost)  
  112  10:04  Probe  
  117  10:08  Probe  
  118  10:16  Probe  
  118  10:17  Colossus (Chrono Boost)  
  125  10:24  Extended Thermal Lance  
  125  10:27  Resonating Glaives  
  125  10:33  Stalker x2  
  125  10:34  Stalker x4  
  137  10:43  Colossus  
  137  11:02  Probe x2  
  139  11:10  Warp Prism, Robotics Facility  
  141  11:17  Photon Cannon  
  133  11:20  Photon Cannon  
  102  11:45  Stalker x4  
  102  11:46  Stalker x2  
  100  11:48  Colossus  
  106  12:06  Immortal  
  110  12:09  Zealot x2  
  110  12:14  Probe x2  
  116  12:21  Observer  
  117  12:24  Zealot x2  
  121  12:42  Immortal  
  119  12:45  Immortal  
  123  12:58  Immortal  
  125  13:44  Immortal x3  
  137  14:18  Zealot x2  
  108  14:41  Stalker x4  
  108  14:42  Stalker x2  
Show
View Real Time Build Order
Export as new Build Order

SpeedWagon Terran 

Build Orders: Mech 

Get SALT Encoding   

  12  0:02  SCV  
  13  0:15  SCV  
  14  0:35  SCV, Supply Depot  
  15  0:57  SCV  
  15  0:59  Barracks  
  16  1:09  SCV  
  17  1:17  Command Center  
  17  1:24  Refinery  
  17  1:30  Refinery  
  17  1:33  SCV  
  18  1:57  SCV  
  19  2:18  SCV  
  20  2:42  Orbital Command  
  20  2:52  Factory  
  20  3:02  Factory  
  20  3:11  SCV  
  21  3:23  Orbital Command, SCV  
  22  3:35  SCV  
  22  3:39  Factory Tech Lab  
  23  3:48  Factory Tech Lab  
  23  4:02  Cyclone  
  26  4:07  Cyclone  
  30  4:24  SCV  
  30  4:32  Refinery  
  30  4:36  SCV  
  31  4:39  Cyclone  
  31  4:40  Cyclone  
  37  4:48  SCV  
  38  4:59  Refinery  
  38  5:10  Supply Depot  
  38  5:32  SCV  
  38  5:34  Supply Depot  
  39  5:42  Siege Tank x2, Factory  
  45  5:44  SCV  
  46  5:56  SCV  
  47  6:15  Siege Tank x2  
  53  6:27  Factory Tech Lab  
  53  6:34  SCV  
  54  6:46  SCV  
  55  6:53  Supply Depot  
  55  6:58  SCV  
  56  7:04  Widow Mine x3  
  62  7:10  SCV  
  63  7:16  Supply Depot  
  63  7:22  SCV  
  64  7:32  Widow Mine  
  64  7:33  Widow Mine x2  
  70  7:38  Supply Depot  
  70  8:00  Supply Depot  
  70  8:17  Widow Mine x2  
  70  8:18  Widow Mine  
  76  8:37  Factory  
  76  9:05  Siege Tank x2  
  76  9:06  Siege Tank  
  70  9:43  Factory Tech Lab  
  70  9:52  SCV  
  71  10:04  SCV  
  72  10:11  Armory  
  72  10:38  Engineering Bay, SCV  
  73  10:44  SCV  
  74  10:50  SCV  
  74  10:56  SCV  
  76  11:02  SCV  
  76  11:03  Thor x3  
  95  11:04  Thor  
  95  11:08  SCV  
  102  11:14  SCV  
  93  11:20  SCV  
  94  11:26  SCV  
  95  11:33  SCV  
  63  11:54  Thor x4  
  75  12:37  Thor x4  
  85  13:19  Widow Mine  
  85  13:20  Widow Mine x3  
  85  13:21  Supply Depot  
  85  13:23  Supply Depot  
  93  13:46  Supply Depot  
  93  13:47  Supply Depot  
  93  13:48  Widow Mine x4  
  101  14:11  Supply Depot  
  34  15:00  Missile Turret  
Show
View Real Time Build Order
Export as new Build Order

OscarBarrera Terran 

Build Orders: Mech 

Get SALT Encoding   

  12  0:11  SCV  
  13  0:23  SCV  
  14  0:35  SCV  
  15  0:48  Supply Depot  
  15  0:55  Refinery  
  15  0:57  Refinery  
  15  1:10  SCV  
  16  1:12  Barracks  
  16  1:14  Barracks  
  16  1:22  SCV  
  17  1:32  Supply Depot  
  17  1:34  SCV  
  18  1:46  SCV, Supply Depot  
  19  1:58  SCV  
  20  2:01  Reaper x2  
  22  2:10  SCV  
  24  2:22  SCV  
  24  2:35  SCV  
  26  2:37  Reaper  
  26  2:38  Reaper  
  27  2:47  Orbital Command  
  27  3:02  Supply Depot  
  27  3:05  Factory  
  27  3:09  Marine  
  27  3:10  Marine  
  29  3:32  Marine x2  
  27  4:17  Marine x2  
  27  4:19  Factory Reactor  
  29  4:29  Starport  
  29  4:35  Marine  
  30  4:39  SCV  
  31  4:51  SCV  
  32  4:54  Factory  
  32  4:56  Factory  
  32  5:03  SCV  
  33  5:16  SCV  
  33  5:17  Cyclone x2  
  33  5:19  Medivac  
  33  5:20  Command Center  
  42  5:28  SCV  
  43  5:36  Barracks Tech Lab  
  43  5:49  Medivac, Barracks Reactor  
  45  5:54  Supply Depot  
  45  5:55  Supply Depot  
  45  5:59  Engineering Bay  
  45  6:01  Armory  
  45  6:04  Combat Shields  
  45  6:15  Cyclone  
  48  6:19  Factory Tech Lab  
  48  6:20  Factory Tech Lab  
  48  6:42  Siege Tank  
  51  7:00  SCV  
  52  7:01  Refinery  
  52  7:03  Missile Turret  
  52  7:04  Refinery, Command Center  
  52  7:11  Missile Turret  
  52  7:12  Orbital Command  
  52  7:27  Starport  
  52  7:46  Barracks  
  52  7:49  Refinery  
  52  7:50  Refinery  
  52  7:53  Siege Tank  
  52  7:55  Marine  
  52  7:56  Marine  
  57  8:04  SCV x2  
  59  8:16  SCV x2  
  61  8:22  Orbital Command  
  61  8:28  SCV x2  
  63  8:40  SCV x2  
  66  8:48  SCV  
  66  8:52  SCV x2  
  68  9:00  SCV  
  69  9:04  SCV  
  69  9:05  SCV  
  71  9:12  SCV  
  71  9:15  Missile Turret  
  71  9:17  Missile Turret x2  
  72  9:18  Missile Turret  
  72  9:22  Thor, Marine  
  72  9:23  Marine x3  
  75  9:36  Missile Turret  
  73  9:39  Starport Tech Lab x2  
  73  10:03  Missile Turret  
  73  10:06  SCV x3  
  76  10:09  Missile Turret  
  76  10:18  SCV x3  
  76  10:20  Viking x2  
  76  10:21  Marine x4  
  85  10:27  Missile Turret x3  
  84  10:30  SCV x3  
  84  10:31  Missile Turret  
  84  10:34  Missile Turret  
  86  10:39  Marine  
  87  10:46  Missile Turret x2  
  87  10:47  Missile Turret  
  87  10:48  Missile Turret  
  85  10:50  Medivac, Viking  
  85  10:51  Missile Turret x2  
  85  10:52  Missile Turret  
  79  10:58  Marine x4  
  79  11:00  Thor  
  54  11:16  Marine x4  
  54  11:19  Missile Turret  
  54  11:20  Missile Turret, Medivac  
  44  11:33  Marine x2  
  44  11:34  Marine  
  44  11:35  Banshee  
  28  11:50  Banshee  
  19  12:17  Banshee  
Show
View Real Time Build Order
Export as new Build Order

AMontoya Protoss 

Build Orders: Nexus First 

Get SALT Encoding   

  12  0:01  Probe (Chrono Boost)  
  13  0:12  Probe (Chrono Boost)  
  14  0:22  Probe (Chrono Boost)  
  14  0:26  Pylon  
  15  0:44  Probe (Chrono Boost)  
  16  0:59  Nexus  
  16  1:02  Probe (Chrono Boost)  
  17  1:08  Assimilator  
  17  1:17  Gateway  
  17  1:23  Assimilator  
  17  1:26  Probe (Chrono Boost)  
  18  1:37  Probe (Chrono Boost)  
  19  1:45  Forge  
  19  1:47  Probe (Chrono Boost)  
  19  1:53  Pylon  
  20  2:07  Probe (Chrono Boost)  
  21  2:11  Probe (Chrono Boost)  
  21  2:13  Pylon  
  22  2:18  Probe (Chrono Boost)  
  23  2:24  Probe (Chrono Boost)  
  23  2:28  Cybernetics Core  
  24  2:32  Probe (Chrono Boost)  
  24  2:36  Probe (Chrono Boost)  
  26  2:45  Photon Cannon  
  26  2:49  Probe (Chrono Boost)  
  26  2:50  Probe (Chrono Boost)  
  28  2:59  Probe (Chrono Boost)  
  28  3:01  Probe (Chrono Boost)  
  30  3:10  Stargate  
  30  3:13  Stargate  
  30  3:16  Probe (Chrono Boost)  
  30  3:17  Probe (Chrono Boost)  
  32  3:25  Stargate  
  32  3:29  Probe x2 (Chrono Boost)  
  32  3:34  Assimilator  
  34  3:40  Probe (Chrono Boost)  
  34  3:41  Probe (Chrono Boost), Assimilator  
  36  3:45  Zealot  
  38  3:58  Void Ray  
  42  4:05  Void Ray  
  42  4:07  Probe (Chrono Boost)  
  47  4:13  Probe (Chrono Boost)  
  48  4:17  Probe (Chrono Boost)  
  48  4:22  Void Ray  
  53  4:25  Probe (Chrono Boost)  
  54  4:32  Pylon  
  54  4:38  Pylon  
  54  4:48  Pylon  
  54  4:50  Probe (Chrono Boost)  
  55  4:54  Probe (Chrono Boost)  
  56  5:01  Probe (Chrono Boost)  
  56  5:04  Probe (Chrono Boost)  
  56  5:05  Void Ray  
  56  5:06  Void Ray  
  66  5:12  Probe (Chrono Boost)  
  67  5:15  Probe (Chrono Boost)  
  68  5:25  Nexus  
  68  5:28  Protoss Air Weapons Level 1  
  68  5:42  Void Ray  
  72  5:47  Probe x2 (Chrono Boost)  
  74  5:51  Assimilator  
  74  5:58  Probe x2 (Chrono Boost)  
  76  6:18  Pylon  
  76  6:22  Assimilator  
  76  6:23  Mothership Core (Chrono Boost), Pylon  
  76  6:24  Protoss Shields Level 1  
  78  6:29  Cybernetics Core  
  78  6:33  Twilight Council  
  78  6:36  Void Ray  
  82  6:41  Fleet Beacon  
  82  6:42  Void Ray  
  86  6:54  Void Ray  
  90  7:05  Stargate  
  90  7:23  Void Ray  
  94  7:31  Pylon  
  94  7:36  Pylon  
  94  7:38  Probe x3 (Chrono Boost)  
  103  7:48  Probe (Chrono Boost)  
  104  8:01  Carrier  
  104  8:04  Zealot  
  112  8:06  Probe (Chrono Boost)  
  113  8:14  Pylon  
  113  8:17  Probe (Chrono Boost)  
  114  8:27  Probe (Chrono Boost)  
  114  8:31  Zealot  
  113  8:38  Probe (Chrono Boost)  
  104  8:58  Zealot  
  104  9:00  Photon Cannon  
  102  9:02  Gateway  
  102  9:06  Gateway  
  102  9:12  Gateway  
  102  9:26  Carrier  
  102  9:27  Carrier  
  107  9:31  Probe (Chrono Boost)  
  107  9:32  Photon Cannon  
  107  9:36  Photon Cannon  
  107  9:40  Carrier  
  107  9:42  Probe (Chrono Boost)  
  101  9:52  Probe (Chrono Boost)  
  81  10:06  Pylon  
  73  10:08  Zealot  
  73  10:13  Phoenix  
  66  10:35  Zealot  
  66  10:38  Phoenix  
Tags
 
Add a new tag
Caveats
  • Supply blocks, unpowered buildings, or Contaminate may cause inaccurate times.
  • Supply counts are checked every 10 seconds.